 Dungeon Crawl Stone Soup version 0.20.1-1-g8b1a95d (webtiles) character file.

493 thefaint94 the Cudgeler (level 6, -1/55 HPs)
             Began as a Draconian Chaos Knight on July 31, 2017.
             Was a Follower of Lugonu.
             Slain by a scorpion (5 damage)
             ... on level 5 of the Dungeon.
             The game lasted 00:40:33 (3013 turns).

thefaint94 the Cudgeler (Draconian Chaos Knight)    Turns: 3013, Time: 00:40:33

Health: -1/55      AC:  6    Str: 16    XL:     6   Next: 92%
Magic:  6/6        EV: 13    Int: 12    God:    Lugonu [*.....]
Gold:   142        SH:  0    Dex: 11    Spells: 5/5 levels left

rFire    . . .     SeeInvis .   a - +1 mace (chaos)
rCold    . . .     Gourm    +   (no shield)
rNeg     . . .     Faith    .   (armour unavailable)
rPois    .         Spirit   .   (helmet restricted)
rElec    .         Reflect  .   (no cloak)
rCorr    .         Harm     .   (no gloves)
MR       .....                  (no boots)
Stlth    +++.......             y - amulet of the gourmand
Regen    0.2/turn               q - ring of stealth
MPRegen  0.1/turn               (no ring)

@: no status effects
A: unfitting armour, blink, cold-blooded, AC +6
a: Blink, Depart the Abyss, Renounce Religion


You were on level 5 of the Dungeon.
You worshipped Lugonu.
Lugonu was aware of your devotion.
You were very full.

You visited 2 branches of the dungeon, and saw 6 of its levels.

You collected 142 gold pieces.

Inventory:

Hand Weapons
 a - a +1 mace of chaos (weapon)
 c - a +0 club
 f - a cursed -2 whip
 i - a +1 antimagic dagger
 m - a +0 morningstar
 u - a cursed -1 flail
 x - a +0 mace of protection
Armour
 d - a +1 robe
 e - a +0 plate armour
Jewellery
 q - a ring of stealth (left hand)
 y - an amulet of the gourmand (around neck)
Wands
 r - a wand of clouds (3/9)
Scrolls
 h - a scroll of fog
 n - a scroll of recharging
 o - 2 scrolls of enchant armour
 v - a scroll of amnesia
 B - a scroll of identify
 C - a scroll of immolation
Potions
 b - 5 potions of lignification
 j - a potion of berserk rage {unknown}
 k - 3 potions of agility {unknown}
 s - a potion of mutation {unknown}
 w - a potion of flight
Comestibles
 g - 2 bread rations
 l - 4 meat rations
 t - 7 fruits
 z - 2 royal jellies


   Skills:
 + Level 4.8 Fighting
 + Level 5.5 Maces & Flails
 + Level 3.5 Dodging
 + Level 2.8 Stealth
 + Level 0.2 Evocations


You had 5 spell levels left.
You didn't know any spells.

Dungeon Overview and Level Annotations

Branches:
Dungeon (5/15)             Temple (1/1) D:4

Altars:
Cheibriados
Dithmenos
Elyvilon
Fedhas
Kikubaaqudgha
Makhleb
Qazlal
Ru
Uskayaw
Vehumet
Zin
The Shining One
Lugonu

Shops:
D:4 }

Annotations:
D:4 Edmund
D:5 Menkaure


Innate Abilities, Weirdness & Mutations

Your plain brown scales are hard. (AC +6)
You cannot fit into any form of body armour.
You are cold-blooded and may be slowed by cold attacks.
You can translocate small distances at will.


Message History

* * * LOW HITPOINT WARNING * * *
A giant cockroach zombie comes into view.
Something stings you!
* * * LOW HITPOINT WARNING * * *
As you read the scroll of teleportation, it crumbles to dust.
You feel strangely stable. Something barely misses you.
The adder hisses angrily.
A hippogriff comes into view.
The hippogriff moves out of view.
Menkaure sighs a few words.
Found a glowing white potion.
As you read the scroll of teleportation, it crumbles to dust.
You feel strangely unstable.
A worker ant zombie comes into view.
As you read the scroll of teleportation, it crumbles to dust.
You feel strangely stable.
Something stings you but does no damage.
Something stings you.
You die...
Xom titters!

..... ###....†#
..Z..# ##.......#
......##........#
###.....Z........#
...####.####....#
##H.##.....##.>..#
#...#...(...#....#
#.#..M....#...##
#@.S.._.......#
#....#.......#.###
####.#.......#.#
#.##.....## #
#.####.### #..
...! ### ..... ##


You could see a hippogriff (wandering), Menkaure, an adder and a worker ant
zombie.

Vanquished Creatures
  A centaur (D:4)
  A scorpion (shapeshifter) (D:3)
  A howler monkey (D:5)
  2 hounds (D:4)
  An orc priest (D:4)
  3 worker ants (D:4)
  2 hound skeletons
  3 adders
  A howler monkey skeleton (D:4)
  4 dart slugs
  A leopard gecko (D:5)
  17 orcs
  3 bats
  4 giant cockroaches
  6 goblins
  10 hobgoblins
  5 jackals
  6 kobolds
  3 quokkas
  7 frilled lizards
  2 rats (D:1)
83 creatures vanquished.

Vanquished Creatures (others)
  The ghost of ANON1729 the Firebug, an amateur TeFE of Vehumet (D:3)
1 creature vanquished.

Grand Total: 84 creatures vanquished

Notes
Turn   | Place    | Note
-------+----------+-------------------------------------------
     0 | D:1      | thefaint94 the Draconian Chaos Knight began the quest for the Orb.
     0 | D:1      | Reached XP level 1. HP: 19/19 MP: 1/1
   217 | D:1      | Reached XP level 2. HP: 12/26 MP: 2/2
   442 | D:1      | XOM: enchant monster (bad)
   474 | D:1      | Reached XP level 3. HP: 16/33 MP: 3/3
   866 | D:2      | XOM: cloud trail
  1005 | D:3      | XOM: divination: detect items
  1005 | D:3      | Killed ANON1729's ghost
  1009 | D:3      | Noticed a scorpion
  1009 | D:3      | a worker ant changed into a scorpion
  1017 | D:3      | Killed a scorpion
  1017 | D:3      | Reached skill level 4 in Maces & Flails
  1017 | D:3      | Reached XP level 4. HP: 18/40 MP: 4/4
  1018 | D:3      | Found a hide-covered altar of Uskayaw.
  1312 | D:3      | XOM: divination: magic mapping
  1486 | D:3      | XOM: 1-stop teleportation journey
  1702 | D:3      | Reached XP level 5. HP: 41/46 MP: 5/5
  1783 | D:3      | Found a stormy altar of Qazlal.
  1817 | D:3      | XOM: harmless Necr miscast
  1946 | D:4      | Reached skill level 1 in Stealth
  2039 | D:4      | Found Utir Buf's Gadget Emporium.
  2124 | D:4      | Found a glowing silver altar of Zin.
  2147 | D:4      | Noticed a centaur
  2150 | D:4      | XOM: swap monsters
  2158 | D:4      | Killed a centaur
  2158 | D:4      | Reached XP level 6. HP: 22/53 MP: 6/6
  2182 | D:4      | Noticed Edmund
  2182 | D:4      | XOM: blink monster(s)
  2191 | D:4      | XOM: enchant monster (bad)
  2265 | D:4      | Reached skill level 5 in Maces & Flails
  2376 | D:4      | XOM: mild Tmut miscast
  2517 | D:4      | Found a staircase to the Ecumenical Temple.
  2538 | Temple   | Entered the Ecumenical Temple
  2569 | Temple   | XOM: give mutation
  2569 | Temple   | Gained mutation: You can translocate small distances at will. [Xom's grace]
  2593 | Temple   | Fell from the grace of Xom
  2593 | Temple   | Became a worshipper of Lugonu the Unformed
  2593 | Temple   | Reached * piety under Lugonu
  2854 | D:4      | Found an ancient bone altar of Kikubaaqudgha.
  2950 | D:5      | Entered Level 5 of the Dungeon
  2993 | D:5      | Found a burning altar of Makhleb.
  3000 | D:5      | Noticed Menkaure
  3005 | D:5      | HP: 2/55 [something (8)]
  3009 | D:5      | Noticed a hippogriff
  3013 | D:5      | Slain by a scorpion

Skill      XL: |  1  2  3  4  5  6 |
---------------+-------------------+-----
Fighting       | 4 |  4.8
Maces & Flails | 4 5 |  5.5
Dodging        | 3 |  3.5
Stealth        | 2 |  2.8
Evocations     | |  0.2

Action                   |  1- 3 |  4- 6 || total
-------------------------+-------+-------++-------
Melee: Mace              |   115 |   158 ||   273
       Tailslap          |     7 |    15 ||    22
Evoke: Wand              |       |     2 ||     2
  Use: Scroll            |     4 |    11 ||    15
       Potion            |     3 |       ||     3
 Stab: Paralysed         |     2 |     1 ||     3
       Sleeping          |       |     7 ||     7
       Distracted        |       |     2 ||     2
  Eat: Bread ration      |     1 |     1 ||     2
       Royal jelly       |     1 |       ||     1
       Chunk             |       |     7 ||     7
Armor: Skin              |    42 |    32 ||    74
Dodge: Dodged            |    91 |   128 ||   219
